 Dungeon Crawl Stone Soup version 0.28.0-53-g5a82cb258f (webtiles) character file.

Game seed: 11754751778099282689

50 Cykl0x the Digger (level 3, -4/19 HPs)
             Began as a Gargoyle Earth Elementalist on June 8, 2022.
             Slain by a black bear (5 damage)
             ... on level 2 of the Dungeon.
             The game lasted 00:02:13 (1392 turns).

Cykl0x the Digger (Gargoyle Earth Elementalist)     Turns: 1392, Time: 00:02:13

Health: -4/19      AC:  5    Str: 11    XL:     3   Next: 79%
Magic:  1/7        EV: 12    Int: 17    God:
Gold:   38         SH:  0    Dex: 10    Spells: 3/7 levels left

rFire   . . .      SeeInvis .   d - +0 mace
rCold   . . .      Faith    .   (no shield)
rNeg    + . .      Spirit   .   b - +0 robe
rPois   ∞          Reflect  .   (no helmet)
rElec   +          Harm     .   (no cloak)
rCorr   .          Rampage  .   (no gloves)
Will    .....                   (no boots)
Stlth   ++........              (no amulet)
HPRegen 0.06/turn               (no ring)
MPRegen 0.10/turn               (no ring)

@: no status effects
A: sickness immunity, AC +3, negative energy resistance 1, electricity
resistance, torment resistance 1, petrification resistance
a: no special abilities


You were on level 2 of the Dungeon.
You visited 1 branch of the dungeon, and saw 2 of its levels.

You collected 38 gold pieces.

Inventory:

Hand Weapons
 a - a +0 whip
 d - a +0 mace (weapon)
Missiles
 c - 11 stones
Armour
 b - a +0 robe (worn)
Scrolls
 e - a scroll of amnesia
 g - a scroll of magic mapping {unknown}
 i - a scroll of identify {unknown}
Potions
 f - a potion of attraction {unknown}
 h - a potion of flight {unknown}


   Skills:
 + Level 1.6 Dodging
 - Level 2.1 Stealth
 + Level 2.7 Spellcasting
 * Level 1.2 Conjurations
 - Level 0.7 Transmutations
 + Level 4.5 Earth Magic


You had 3 spell levels left.
You knew the following spells:

 Your Spells              Type           Power      Damage    Failure   Level
a - Sandblast             Erth           34%        2d9       2%          1
b - Stone Arrow           Conj/Erth      24%        3d8       16%         3

Your spell library contained the following spells:

 Spells                   Type           Power      Damage    Failure   Level
 Passwall                 Tmut/Erth      9%         N/A       10%         2
 Petrify                  Tmut/Erth      11%        N/A       52%         4


Dungeon Overview and Level Annotations

Branches:
Dungeon (2/15)

Altars:

Shops:
D:1 ?


Innate Abilities, Weirdness & Mutations

You are immune to sickness and miasma.
Your stone body is resilient. (AC +3)
You are immune to poison.
You resist negative energy. (rN+)
You are resistant to electric shocks. (rElec)
You are resistant to unholy torment.
You are immune to petrification.


Message History

An adder is nearby!
A black bear comes into view.
The blast of sand hits the adder!
You kill the adder!
You can't see any susceptible monsters within range! (Use Z to cast anyway.)
The blast of sand hits the black bear.
The black bear is lightly wounded.
The blast of sand hits the black bear!
The black bear is moderately wounded.
The blast of sand hits the black bear.
The black bear is heavily wounded.
The black bear bites you.
The black bear claws you but does no damage. x2
The blast of sand hits the black bear!
The black bear is almost dead.
The black bear goes berserk!
The blast of sand hits the black bear.
The black bear is almost dead.
The black bear barely misses you. The black bear claws you.
The black bear completely misses you. The black bear closely misses you.
The black bear claws you. The black bear misses you.
The blast of sand hits the black bear.
The black bear is almost dead.
The black bear bites you but does no damage.
The black bear claws you but does no damage.
The black bear claws you.
You are too injured to fight recklessly!
The black bear closely misses you. The black bear claws you.
* * * LOW HITPOINT WARNING * * *
The black bear barely misses you.
You hear an angry growl.
The black bear bites you but does no damage.
The black bear misses you. The black bear claws you.
* * * LOW HITPOINT WARNING * * *
The black bear bites you.
* * * LOW HITPOINT WARNING * * *
The black bear claws you.
* * * LOW HITPOINT WARNING * * *
The black bear claws you.
You die...

############# ####
#...........# ##..
..##### #.##.#.####.#
#..# #.....# #.##.#.# #.#
#..# #.###.###.##.#.# #.#
#..# #.......@h.....# #.#
##..# #.##..######.#.#
#.#
....#####.##.........#.##
#.#
..........##.#########..#
#.# ..........##.# #..#
#)# ....#.###....# #..#
#.# .###.(# ###### ##h.#
#.# #####.## # ##...###.#
.......##. #####
#.....##.#


You could see a black bear (berserk).

Vanquished Creatures
  2 adders (D:2)
  5 bats
  5 endoplasms
  6 goblins
  2 hobgoblins
  4 ball pythons
  A frilled lizard (D:1)
  3 kobolds (D:1)
  3 rats (D:1)
31 creatures vanquished.

Vanquished Creatures (others)
  2 demonic plants (D:2)
2 creatures vanquished.

Grand Total: 33 creatures vanquished

Notes
Turn   | Place    | Note
-------+----------+-------------------------------------------
     0 | D:1      | Cykl0x the Gargoyle Earth Elementalist began the quest for
                  | the Orb.
     0 | D:1      | Reached XP level 1. HP: 10/10 MP: 3/3
    47 | D:1      | Found Peyzujeo's Magic Scroll Emporium.
   109 | D:1      | Reached XP level 2. HP: 15/15 MP: 0/5
   227 | D:1      | Reached skill level 4 in Earth Magic
   657 | D:1      | Reached skill level 1 in Conjurations
  1094 | D:2      | Reached XP level 3. HP: 19/19 MP: 2/6
  1312 | D:2      | Learned a level 3 spell: Stone Arrow
  1339 | D:2      | Noticed a black bear
  1392 | D:2      | Slain by a black bear

Illustrated notes

Levels and vault maps discovered:
D:1:      dpeg_arrival_simpleton_a, layout_loops_ring, serial_shops,
          nicolae_diamond_shop
D:2:      layout_loops_ring, dreamdust_ecumenical_altar_sealed_demon,
          basic_altar, kennysheep_path_1

Skill      XL: |  1  2 |
---------------+-------+-----
Earth Magic    | 4 |  4.5
Conjurations   | 1 |  1.2
Dodging        | |  1.6
Stealth        | |  2.1
Spellcasting   | |  2.7
Transmutations | |  0.7

Action                   || total
-------------------------++-------
Melee: Mace              ||     7
 Cast: Sandblast         ||    47
       Stone Arrow       ||     1
  Use: Scroll            ||     2
Armor: Robe              ||    15
Dodge: Dodged            ||    31
